 Dungeon Crawl Stone Soup version 0.21.1-1-g345015f (webtiles) character file.

45 Zachthehappycat the Firebug (level 3, -18/28 HPs)
             Began as a Hill Orc Fire Elementalist on May 8, 2018.
             Demolished by Terence
             ... wielding a +1 hand axe of electrocution
              (19 damage)
             ... on level 2 of the Dungeon.
             The game lasted 00:05:16 (1463 turns).

Zachthehappycat the Firebug (HOFE)                  Turns: 1463, Time: 00:05:19

Health: -18/28     AC:  8    Str: 11    XL:     3   Next: 64%
Magic:  5/6        EV:  5    Int: 15    God:
Gold:   55         SH:  0    Dex: 11    Spells: 5/6 levels left

rFire    . . .     SeeInvis .   a - +2 dagger (venom)
rCold    . . .     Gourm    .   (no shield)
rNeg     . . .     Faith    +   m - +0 chain mail
rPois    .         Spirit   .   (no helmet)
rElec    .         Reflect  .   (no cloak)
rCorr    .         Harm     .   (no gloves)
MR       .....                  (no boots)
Stlth    ..........             e - amulet of faith
HPRegen  0.09/turn              (no ring)
MPRegen  0.10/turn              (no ring)

@: very slightly contaminated
A: no striking features
a: no special abilities


You were on level 2 of the Dungeon.
You were not hungry.

You visited 1 branch of the dungeon, and saw 2 of its levels.

You collected 55 gold pieces.

Inventory:

Hand Weapons
 a - a +2 dagger of venom (weapon)
Missiles
 f - 94 stones (quivered)
Armour
 m - a +0 chain mail (worn)
Jewellery
 e - an amulet of faith (around neck)
Scrolls
 h - 4 scrolls of magic mapping {unknown}
 j - a scroll of noise {unknown}
 l - a scroll of identify {unknown}
Potions
 d - a potion of haste {unknown}
 g - a potion of resistance {unknown}
 k - a potion of ambrosia {unknown}
 n - a potion of magic {unknown}
Books
 b - a book of Flames

   Spells                             Type                      Level
   a - Flame Tongue                   Conjuration/Fire             1
   b - Throw Flame                    Conjuration/Fire             2
   c - Conjure Flame                  Conjuration/Fire             3
   d - Inner Flame                    Hexes/Fire                   3
   e - Sticky Flame                   Conjuration/Fire             4
   f - Fireball                       Conjuration/Fire             5
Comestibles
 c - 3 rations
 i - 6 chunks of flesh


   Skills:
 + Level 1.5 Fighting
 - Level 1.5 Dodging
 - Level 1.5 Stealth
 * Level 2.2 Spellcasting
 + Level 1.6 Conjurations
 + Level 3.6 Fire Magic


You had 5 spell levels left.
You knew the following spells:

 Your Spells              Type           Power        Failure   Level  Hunger
a - Flame Tongue          Conj/Fire      #....        99%         1    #......


Dungeon Overview and Level Annotations

Branches:
Dungeon (2/15)

Altars:

Annotations:
D:2 Terence


Message History

You are too injured to fight recklessly!
You are too injured to fight recklessly!
You are too injured to fight recklessly!
You are too injured to fight recklessly!
You are too injured to fight recklessly!
The jackal bites you.
* * * LOW HITPOINT WARNING * * *
Casting: Flame Tongue
Confirm with . or Enter, or press ? or * to list all spells.
Aiming: Flame Tongue
Press: ? - help, Shift-Dir - straight line, f - frilled lizard
Aim: a frilled lizard You miscast Flame Tongue.
You are very lightly contaminated with residual magic.
You smell smoke.
Terence hits you with a hand axe of electrocution.
* * * LOW HITPOINT WARNING * * *
You are electrocuted!
Ouch! That really hurt!
You die...

#.................#
#.##.......######.#
#.##.......'......#
#.##.......#########
#>....[).........
##....#.##########
.................#######
#######....#####.#......
#.......'..@@hl....?.
##.##....#####h.......
##...#....# #..h.......
#....#....# #..........
#....#....# #...?.....(
#....#....# #..........
#....#....# #.....#####
#....#..... ......#
#....# ###....#


You could see Terence, 2 jackals and a frilled lizard.

Vanquished Creatures
  An adder (D:2)
  A dart slug (D:2)
  4 giant cockroaches
  4 goblins
  3 hobgoblins
  2 jackals (D:2)
  A quokka (D:2)
  5 bats (D:1)
  A frilled lizard (D:2)
  6 kobolds
  2 rats
  A plant (D:1)
31 creatures vanquished.

Notes
Turn   | Place    | Note
-------+----------+-------------------------------------------
     0 | D:1      | Zachthehappycat the Hill Orc Fire Elementalist began the quest for the Orb.
     0 | D:1      | Reached XP level 1. HP: 14/14 MP: 3/3
   555 | D:1      | Reached XP level 2. HP: 19/22 MP: 4/4
   710 | D:1      | Reached skill level 1 in Fighting
  1199 | D:2      | Reached XP level 3. HP: 28/28 MP: 6/6
  1454 | D:2      | Noticed Terence
  1463 | D:2      | HP: 1/28 [Terence/hand axe of electrocution (3)]
  1463 | D:2      | Demolished by Terence

Skill      XL: |  1  2 |
---------------+-------+-----
Fighting       | 1 |  1.5
Spellcasting   | 2 |  2.2
Dodging        | |  1.5
Stealth        | |  1.5
Conjurations   | |  1.6
Fire Magic     | |  3.6

Action                   || total
-------------------------++-------
Melee: Club              ||    28
       Unarmed           ||    13
       Dagger            ||   100
Throw: Stone             ||     7
 Stab: Sleeping          ||     2
  Eat: Chunk             ||     2
Armor: Robe              ||     9
       Leather armour    ||     2
       Scale mail        ||    27
       Chain mail        ||    35
Dodge: Dodged            ||    55
